ITL
BIRMINGHAM BARONS @ AMARILLO ARCHDUKES
04/03/2028
 
TOP OF THE 1ST
Birmingham Barons batting - Pitching for Amarillo Archdukes : LHP Kevin Andrews
Pitching: LHP Kevin Andrews
Batting: SHB Tony Echevarría 0-0: Called Strike
0-1: Foul Ball, location: 2F
0-2: Ball
1-2: Strikes out swinging
Batting: RHB Juan Jiménez 0-0: Ball
1-0: Swinging Strike
1-1: Called Strike
1-2: Fly out, F7 (Flyball, 7LM)
Batting: RHB Dave Dawson 0-0: Ball
1-0: Swinging Strike
1-1: Ball
2-1: Ball
3-1: Base on Balls
Batting: SHB Theron Harper 0-0: Ball
1-0: Foul Ball, location: 2F
1-1: SINGLE (Flyball, 8LS)
Dave Dawson to second
Batting: RHB Juan Díaz 0-0: Called Strike
0-1: Fly out, F9 (Flyball, 9)
Top of the 1st over - 0 run(s), 1 hit(s), 0 error(s), 2 left on base; Birmingham 0 - Amarillo 0
BOTTOM OF THE 1ST
Amarillo Archdukes batting - Pitching for Birmingham Barons : RHP Guillermo Lozano
Pitching: RHP Guillermo Lozano
Batting: RHB Juan Barrera 0-0: Ball
1-0: Foul Ball, location: 2F
1-1: Ball
2-1: Ball
3-1: Foul Ball, location: 2F
3-2: Foul Ball, location: 2F
3-2: Fly out, F9 (Flyball, 9S)
Batting: RHB Jorge Espinosa 0-0: Ball
1-0: Ball
2-0: DOUBLE (Line Drive, 7LM)
Batting: LHB Jorge Martínez 0-0: Ball
1-0: Ball
2-0: SINGLE (Groundball, 34) (infield hit)
Jorge Espinosa to third
Batting: RHB Gil Watcham 0-0: Foul Ball, location: 2F
0-1: Ball
1-1: Ball
2-1: Grounds into double play, 5-4-3 (Groundball, 56)
Bottom of the 1st over - 0 run(s), 2 hit(s), 0 error(s), 1 left on base; Birmingham 0 - Amarillo 0
TOP OF THE 2ND
Birmingham Barons batting - Pitching for Amarillo Archdukes : LHP Kevin Andrews
Batting: RHB Peyton Yardley 0-0: Ball
1-0: Ball
2-0: Ball
3-0: Called Strike
3-1: Base on Balls
Batting: LHB Chris Miller 0-0: Ball
Peyton Yardley is caught stealing 2nd base
1-0: Foul Ball, location: 2F
1-1: Foul Ball, location: 2F
1-2: SINGLE (Line Drive, 8RS)
Batting: LHB John Haney 0-0: Foul Ball, location: 2F
0-1: Ball
1-1: Ball
2-1: Ball
3-1: Called Strike
3-2: 2-RUN HOME RUN (Flyball, 9D), Distance : 362 ft
Batting: RHB Vicente Elías 0-0: Fly out, F3 (Line Drive, 34)
Batting: SHB Tony Echevarría 0-0: DOUBLE (Line Drive, 9D)
Batting: RHB Juan Jiménez 0-0: Fly out, F7 (Flyball, 7LS)
Top of the 2nd over - 2 run(s), 3 hit(s), 0 error(s), 1 left on base; Birmingham 2 - Amarillo 0
BOTTOM OF THE 2ND
Amarillo Archdukes batting - Pitching for Birmingham Barons : RHP Guillermo Lozano
Batting: LHB Ron Crawford 0-0: Ball
1-0: Called Strike
1-1: Foul Ball, location: 2F
1-2: Foul Ball, location: 2F
1-2: Ball
2-2: Strikes out looking
Batting: RHB José Tamayo 0-0: Ball
1-0: Ball
2-0: SINGLE (Groundball, 6MD)
Batting: RHB Paul Ladd 0-0: Ball
1-0: Called Strike
1-1: Foul Ball, location: 2F
1-2: SINGLE (Groundball, 6MD)
José Tamayo to second
Batting: RHB Herb Bunch 0-0: Called Strike
0-1: Ball
1-1: Ball
2-1: Foul Ball, location: 2F
2-2: Grounds into double play, 6-4-3 (Groundball, 6)
Bottom of the 2nd over - 0 run(s), 2 hit(s), 0 error(s), 1 left on base; Birmingham 2 - Amarillo 0
TOP OF THE 3RD
Birmingham Barons batting - Pitching for Amarillo Archdukes : LHP Kevin Andrews
Batting: RHB Dave Dawson 0-0: Called Strike
0-1: Foul Ball, location: 2F
0-2: Ball
1-2: SINGLE (Line Drive, 8LS)
Batting: SHB Theron Harper 0-0: Ball
1-0: Ball
2-0: Foul Ball, location: 2F
2-1: Foul Ball, location: 2F
2-2: SINGLE (Flyball, 78S)
Dave Dawson to second
Batting: RHB Juan Díaz 0-0: Called Strike
0-1: Ball
1-1: Foul Ball, location: 2F
1-2: Strikes out looking
Batting: RHB Peyton Yardley 0-0: Called Strike
Dave Dawson steals 3rd base
Theron Harper to second
0-1: Fly out, F8 (Flyball, 8LD)
Runner from 3rd tags up, SCORES, no throw
Batting: LHB Chris Miller 0-0: Ball
1-0: SINGLE (Line Drive, 3S)
Theron Harper to third
Runner from 3rd tries for Home, SAFE, no throw
Batting: LHB John Haney 0-0: Ball
1-0: Ball
2-0: Called Strike
2-1: Called Strike
2-2: SINGLE (Groundball, 4S) (infield hit)
Chris Miller to second
Batting: RHB Vicente Elías 0-0: Ball
1-0: Foul Ball, location: 2F
1-1: Ball
2-1: Foul Ball, location: 2F
2-2: SINGLE (Groundball, 56) (infield hit)
Chris Miller to third
John Haney to second
Batting: SHB Tony Echevarría 0-0: Called Strike
0-1: Swinging Strike
0-2: Ball
1-2: Ball
Wild Pitch!
Chris Miller scores
John Haney to third
Vicente Elías to second
2-2: Ground out 4-3 (Groundball, 4)
Top of the 3rd over - 3 run(s), 5 hit(s), 0 error(s), 2 left on base; Birmingham 5 - Amarillo 0
BOTTOM OF THE 3RD
Amarillo Archdukes batting - Pitching for Birmingham Barons : RHP Guillermo Lozano
Batting: RHB José Ruíz 0-0: Ball
1-0: SINGLE (Groundball, 4) (infield hit)
Batting: RHB Juan Barrera 0-0: Called Strike
0-1: Swinging Strike
0-2: Ball
1-2: Foul Ball, location: 2F
1-2: Grounds into double play, 1-6-3 (Groundball, P)
Batting: RHB Jorge Espinosa 0-0: Called Strike
0-1: Ground out 5-3 (Groundball, 56S)
Bottom of the 3rd over - 0 run(s), 1 hit(s), 0 error(s), 0 left on base; Birmingham 5 - Amarillo 0
TOP OF THE 4TH
Birmingham Barons batting - Pitching for Amarillo Archdukes : LHP Kevin Andrews
Batting: RHB Juan Jiménez 0-0: Ball
1-0: Foul Ball, location: 2F
1-1: Foul Ball, location: 2F
1-2: Ball
2-2: Ground out 6-3 (Groundball, 56)
Batting: RHB Dave Dawson 0-0: Ball
1-0: Ground out 5-3 (Groundball, 56)
Batting: SHB Theron Harper 0-0: Called Strike
0-1: Ball
1-1: Ball
2-1: Foul Ball, location: 2F
2-2: Ball
3-2: Ground out 5-3 (Groundball, 5)
Top of the 4th over - 0 run(s), 0 hit(s), 0 error(s), 0 left on base; Birmingham 5 - Amarillo 0
BOTTOM OF THE 4TH
Amarillo Archdukes batting - Pitching for Birmingham Barons : RHP Guillermo Lozano
Batting: LHB Jorge Martínez 0-0: Swinging Strike
0-1: Swinging Strike
0-2: SINGLE (Line Drive, 89S)
Batting: RHB Gil Watcham 0-0: Ball
1-0: Called Strike
1-1: SINGLE (Flyball, 7S)
Jorge Martínez to second
Batting: LHB Ron Crawford 0-0: Fielders Choice at 2nd, 4-6 (Groundball, 4D)
Jorge Martínez to third
Batting: RHB José Tamayo 0-0: Ball
Ron Crawford steals 2nd base
1-0: Called Strike
1-1: Swinging Strike
1-2: Strikes out looking
Batting: RHB Paul Ladd 0-0: Called Strike
0-1: Swinging Strike
0-2: Fly out, F2 (Popup, 56S)
Bottom of the 4th over - 0 run(s), 2 hit(s), 0 error(s), 2 left on base; Birmingham 5 - Amarillo 0
TOP OF THE 5TH
Birmingham Barons batting - Pitching for Amarillo Archdukes : LHP Kevin Andrews
Pitching: RHP Frederick Kern
Batting: RHB Juan Díaz 0-0: Foul Ball, location: 2F
0-1: Foul Ball, location: 2F
0-2: Ball
1-2: Ball
2-2: Ball
3-2: Base on Balls
Batting: RHB Peyton Yardley 0-0: Called Strike
0-1: Called Strike
0-2: Ball
1-2: Foul Ball, location: 2F
1-2: Strikes out swinging
Batting: LHB Chris Miller 0-0: Ball
1-0: Ball
2-0: Foul Ball, location: 2F
2-1: SINGLE (Groundball, 34) (infield hit)
Juan Díaz to second
Batting: LHB John Haney 0-0: Ball
1-0: Ball
2-0: SINGLE (Flyball, 8LS)
Juan Díaz to third
Chris Miller to second
Runner from 3rd tries for Home, SAFE, throw made home
Batting: RHB Vicente Elías 0-0: Fly out, F6 (Line Drive, 6)
Batting: SHB Tony Echevarría 0-0: Called Strike
0-1: Swinging Strike
0-2: Strikes out swinging
Top of the 5th over - 1 run(s), 2 hit(s), 0 error(s), 2 left on base; Birmingham 6 - Amarillo 0
BOTTOM OF THE 5TH
Amarillo Archdukes batting - Pitching for Birmingham Barons : RHP Guillermo Lozano
Batting: RHB Herb Bunch 0-0: Called Strike
0-1: Foul Ball, location: 2F
0-2: Ball
1-2: SINGLE (Groundball, 4) (infield hit)
Batting: RHB José Ruíz 0-0: Grounds into double play, 6-4-3 (Groundball, 56)
Batting: RHB Juan Barrera 0-0: Ball
1-0: Ground out 6-3 (Groundball, 56)
Bottom of the 5th over - 0 run(s), 1 hit(s), 0 error(s), 0 left on base; Birmingham 6 - Amarillo 0
TOP OF THE 6TH
Birmingham Barons batting - Pitching for Amarillo Archdukes : RHP Frederick Kern
Batting: RHB Juan Jiménez 0-0: Ball
1-0: Called Strike
1-1: DOUBLE (Line Drive, 78XD)
Batting: RHB Dave Dawson 0-0: Ball
1-0: Foul Ball, location: 2F
1-1: Swinging Strike
1-2: Ball
2-2: Ball
3-2: SINGLE (Groundball, 34D)
Juan Jiménez to third
Runner from 3rd tries for Home, SAFE, throw made home
Dave Dawson to second
Batting: SHB Theron Harper 0-0: Called Strike
0-1: Called Strike
0-2: Fly out, F5 (Popup, 56)
Batting: RHB Juan Díaz 0-0: Ball
1-0: Ball
2-0: Ball
3-0: Called Strike
3-1: Foul Ball, location: 2F
3-2: Foul Ball, location: 2F
3-2: Base on Balls
Batting: RHB Peyton Yardley 0-0: Swinging Strike
0-1: SINGLE (Groundball, 6M) (infield hit)
Dave Dawson to third
Juan Díaz to second
Batting: LHB Chris Miller 0-0: Ball
1-0: DOUBLE (Groundball, 3L)
Dave Dawson scores
Juan Díaz scores
Peyton Yardley to third
Runner from 3rd tries for Home, SAFE, no throw
Pitching: RHP Jeff Lawson
Batting: LHB John Haney 0-0: Ball
1-0: Foul Ball, location: 2F
1-1: Swinging Strike
1-2: Foul Ball, location: 2F
1-2: Strikes out swinging
Batting: RHB Vicente Elías 0-0: Foul Ball, location: 2F
0-1: Swinging Strike
0-2: DOUBLE (Line Drive, 9LS)
Chris Miller scores
Batting: SHB Tony Echevarría 0-0: SINGLE (Groundball, 6MD)
Vicente Elías to third
Runner from 3rd tries for Home, SAFE, no throw
Batting: RHB Juan Jiménez 0-0: Foul Ball, location: 2F
0-1: Called Strike
0-2: DOUBLE (Line Drive, 78D)
Tony Echevarría to third
Batting: RHB Dave Dawson 0-0: Called Strike
0-1: Foul Ball, location: 2F
0-2: Foul Ball, location: 2F
0-2: 3-RUN HOME RUN (Flyball, 9D), Distance : 354 ft
Batting: SHB Theron Harper 0-0: SINGLE (Flyball, 6MD)
Pitching: RHP Pedro Lara
Batting: RHB Juan Díaz 0-0: Ball
1-0: Called Strike
1-1: Ball
2-1: Fly out, F9 (Flyball, 9S)
Top of the 6th over - 9 run(s), 9 hit(s), 0 error(s), 1 left on base; Birmingham 15 - Amarillo 0
BOTTOM OF THE 6TH
Amarillo Archdukes batting - Pitching for Birmingham Barons : RHP Guillermo Lozano
Batting: RHB Jorge Espinosa 0-0: Called Strike
0-1: Fly out, F9 (Line Drive, 9)
Batting: LHB Jorge Martínez 0-0: Called Strike
0-1: Ball
1-1: Fly out, F8 (Line Drive, 8RM)
Batting: RHB Gil Watcham 0-0: Called Strike
0-1: Ball
1-1: Swinging Strike
1-2: Ball
2-2: Foul Ball, location: 2F
2-2: Foul Ball, location: 2F
2-2: Ball
3-2: Foul Ball, location: 2F
3-2: Foul Ball, location: 2F
3-2: Foul Ball, location: 2F
3-2: Base on Balls
Batting: LHB Ron Crawford 0-0: Ball
1-0: Called Strike
1-1: Ball
2-1: Foul Ball, location: 2F
2-2: Foul Ball, location: 2F
2-2: Ball
3-2: Base on Balls
Gil Watcham to second
Batting: RHB José Tamayo 0-0: Ball
1-0: Called Strike
1-1: Fly out, F7 (Flyball, 78XD)
Bottom of the 6th over - 0 run(s), 0 hit(s), 0 error(s), 2 left on base; Birmingham 15 - Amarillo 0
TOP OF THE 7TH
Birmingham Barons batting - Pitching for Amarillo Archdukes : RHP Pedro Lara
Batting: RHB Peyton Yardley 0-0: Foul Ball, location: 2F
0-1: SINGLE (Groundball, 6MD)
Batting: LHB Chris Miller 0-0: Ball
1-0: Ball
2-0: Called Strike
2-1: Ball
3-1: Base on Balls
Peyton Yardley to second
Batting: LHB John Haney 0-0: Called Strike
0-1: Ball
1-1: SINGLE (Groundball, 6M) (infield hit)
Peyton Yardley to third
Chris Miller to second
Batting: RHB Vicente Elías 0-0: Ball
1-0: Called Strike
1-1: Ball
2-1: Foul Ball, location: 2F
2-2: Foul Ball, location: 2F
2-2: Strikes out swinging
Batting: SHB Tony Echevarría 0-0: Ball
1-0: Ball
2-0: Ball
3-0: Base on Balls
Peyton Yardley scores
Chris Miller to third
John Haney to second
Batting: RHB Juan Jiménez 0-0: Foul Ball, location: 2F
0-1: Foul Ball, location: 2F
0-2: Strikes out swinging
Batting: RHB Dave Dawson 0-0: Ball
1-0: Foul Ball, location: 2F
1-1: Swinging Strike
1-2: Ball
2-2: Fly out, F8 (Line Drive, 8RM)
Top of the 7th over - 1 run(s), 2 hit(s), 0 error(s), 3 left on base; Birmingham 16 - Amarillo 0
BOTTOM OF THE 7TH
Amarillo Archdukes batting - Pitching for Birmingham Barons : RHP Guillermo Lozano
Batting: RHB Paul Ladd 0-0: Ball
1-0: Foul Ball, location: 2F
1-1: Foul Ball, location: 2F
1-2: Ball
2-2: DOUBLE (Line Drive, 8LD)
Pinch Hitting: LHB Howard Lambert 0-0: Ball
1-0: Foul Ball, location: 2F
1-1: Called Strike
1-2: Foul Ball, location: 2F
1-2: SINGLE (Groundball, 4M) (infield hit)
Paul Ladd to third
Pitching: RHP Michel Dallaire
Batting: RHB José Ruíz 0-0: Ball
1-0: Called Strike
1-1: Ball
2-1: Grounds into double play, 4-6-3 (Groundball, 4)
Paul Ladd scores
Batting: RHB Juan Barrera 0-0: Ball
1-0: Swinging Strike
1-1: Foul Ball, location: 2F
1-2: Strikes out swinging
Bottom of the 7th over - 1 run(s), 2 hit(s), 0 error(s), 0 left on base; Birmingham 16 - Amarillo 1
TOP OF THE 8TH
Birmingham Barons batting - Pitching for Amarillo Archdukes : RHP Pedro Lara
Now at 3B: Michael Thomas
Batting: SHB Theron Harper 0-0: Ball
1-0: Ball
2-0: Called Strike
2-1: Ball
3-1: Foul Ball, location: 2F
3-2: Base on Balls
Batting: RHB Juan Díaz 0-0: Ball
1-0: Called Strike
1-1: Ball
2-1: Ball
3-1: Base on Balls
Theron Harper to second
Pinch Hitting: LHB Marc May 0-0: Called Strike
0-1: Foul Ball, location: 2F
0-2: Foul Ball, location: 2F
0-2: Ball
1-2: Strikes out looking
Batting: LHB Chris Miller 0-0: Called Strike
0-1: Foul Ball, location: 2F
0-2: Foul Ball, location: 2F
0-2: Ball
1-2: Fly out, F8 (Flyball, 8LS)
Batting: LHB John Haney 0-0: Called Strike
0-1: Ball
1-1: Ball
2-1: Ball
3-1: Base on Balls
Theron Harper to third
Juan Díaz to second
Batting: RHB Vicente Elías 0-0: DOUBLE (Line Drive, 7LM)
Theron Harper scores
Juan Díaz scores
John Haney to third
Runner from 3rd tries for Home, SAFE, no throw
Pitching: RHP José Abacil
Batting: SHB Tony Echevarría 0-0: Ball
1-0: Called Strike
1-1: Called Strike
1-2: Ground out U3 (Groundball, 3)
Top of the 8th over - 3 run(s), 1 hit(s), 0 error(s), 1 left on base; Birmingham 19 - Amarillo 1
BOTTOM OF THE 8TH
Amarillo Archdukes batting - Pitching for Birmingham Barons : RHP Michel Dallaire
Now in LF: Marc May
Batting: RHB Jorge Espinosa 0-0: Ball
1-0: Foul Ball, location: 2F
1-1: Foul Ball, location: 2F
1-2: Strikes out swinging
Batting: LHB Jorge Martínez 0-0: Foul Ball, location: 2F
0-1: Ball
1-1: Fly out, F2 (Popup, 13S)
Batting: RHB Gil Watcham 0-0: Fly out, F8 (Flyball, 78M)
Bottom of the 8th over - 0 run(s), 0 hit(s), 0 error(s), 0 left on base; Birmingham 19 - Amarillo 1
TOP OF THE 9TH
Birmingham Barons batting - Pitching for Amarillo Archdukes : RHP José Abacil
Batting: RHB Juan Jiménez 0-0: SINGLE (Groundball, 56D)
Batting: RHB Dave Dawson 0-0: Called Strike
0-1: Ball
1-1: Called Strike
1-2: Ball
2-2: Ball
3-2: Strikes out swinging
Batting: SHB Theron Harper 0-0: Swinging Strike
0-1: Called Strike
0-2: Fly out, F9 (Flyball, 89S)
Batting: RHB Juan Díaz 0-0: Called Strike
0-1: SINGLE (Groundball, 4MD)
Juan Jiménez to second
Pinch Hitting: LHB José Rivera 0-0: SINGLE (Groundball, 4MD)
Juan Jiménez to third
Juan Díaz to second
Runner from 3rd tries for Home, SAFE, no throw
Batting: LHB Chris Miller 0-0: Ball
1-0: Ball
2-0: Called Strike
2-1: Ball
3-1: Base on Balls
Juan Díaz to third
José Rivera to second
Pinch Hitting: RHB Carlos García 0-0: Foul Ball, location: 2F
0-1: Fly out, F9 (Line Drive, 9LM)
Top of the 9th over - 1 run(s), 3 hit(s), 0 error(s), 3 left on base; Birmingham 20 - Amarillo 1
BOTTOM OF THE 9TH
Amarillo Archdukes batting - Pitching for Birmingham Barons : RHP Michel Dallaire
Now in LF: Carlos García
Now in CF: Alberto Santos
Batting: LHB Ron Crawford 0-0: Ground out 1-3 (Groundball, 13S)
Batting: RHB José Tamayo 0-0: Ball
1-0: Ball
2-0: Ball
3-0: Base on Balls
Batting: RHB Paul Ladd 0-0: Foul Ball, location: 2F
0-1: Grounds into double play, 4-6-3 (Groundball, 4)
Bottom of the 9th over - 0 run(s), 0 hit(s), 0 error(s), 0 left on base; Birmingham 20 - Amarillo 1
Tuesday, August 8th, 2017 - OOTP Baseball 17.12 Build 75